Map: Dusk Towers

Players

Arctur

  • Race: Terran Terran
  • League: Grandmaster

oliM - Winner!

  • Race: Protoss Protoss
  • League: Master

VOD

Have the link to the VOD?

Description

Time

  • Played on: Feb. 10, 2016, 11:03 p.m.
  • Length: 17:02
Show
View Real Time Build Order
Export as new Build Order

Arctur Terran 

Build Orders: Reaper Expand, MMM Bio 

Get SALT Encoding   

  12  0:00  SCV  
  13  0:13  SCV  
  14  0:20  Supply Depot  
  14  0:25  SCV  
  15  0:41  SCV  
  16  0:43  Barracks  
  16  0:46  Refinery  
  16  0:53  SCV  
  17  1:06  SCV  
  18  1:18  SCV  
  19  1:31  Reaper, Orbital Command  
  20  1:39  Refinery  
  20  1:51  Command Center  
  20  1:57  SCV  
  20  1:59  Supply Depot  
  21  2:03  Barracks Reactor  
  21  2:09  SCV  
  22  2:18  Barracks  
  22  2:21  SCV  
  23  2:27  Factory  
  23  2:33  SCV  
  24  2:39  Refinery  
  24  2:40  Marine x2  
  26  2:45  SCV  
  27  2:58  SCV, Marine x2  
  27  3:03  Orbital Command  
  29  3:08  Barracks Tech Lab  
  29  3:10  SCV  
  29  3:12  Starport  
  30  3:15  Widow Mine  
  32  3:21  Marine x2  
  32  3:24  SCV  
  35  3:30  SCV  
  35  3:32  Stimpack  
  36  3:36  SCV  
  36  3:39  Supply Depot  
  37  3:44  Marine x2  
  39  3:49  Supply Depot  
  39  3:50  Medivac  
  39  3:55  Widow Mine  
  43  3:57  SCV  
  43  3:58  SCV  
  46  4:10  SCV x2, Marine x2, Engineering Bay  
  49  4:18  Supply Depot  
  49  4:22  SCV x2  
  51  4:24  Viking  
  51  4:25  Factory Reactor  
  53  4:34  SCV  
  54  4:40  SCV  
  54  4:42  Refinery  
  54  4:44  Marine  
  56  4:46  SCV  
  56  4:52  SCV  
  57  4:54  Barracks  
  57  4:55  Missile Turret  
  57  4:56  Starport Reactor  
  57  4:58  SCV, Missile Turret  
  58  5:08  SCV  
  58  5:09  Marine  
  58  5:10  SCV, Missile Turret  
  61  5:20  SCV  
  61  5:25  SCV  
  61  5:32  SCV  
  61  5:33  Marine x2  
  61  5:34  Combat Shields, Refinery  
  64  5:37  Factory Tech Lab  
  64  5:38  Terran Infantry Weapons Level 1  
  64  5:41  SCV  
  65  5:44  SCV  
  65  5:47  Marauder  
  64  5:50  Barracks  
  64  5:53  Barracks  
  64  5:55  Medivac x2  
  68  6:02  SCV  
  68  6:03  Supply Depot x2  
  69  6:11  Liberator  
  69  6:13  SCV  
  69  6:15  Siege Tank, SCV  
  69  6:16  Marauder, Marine  
  69  6:17  Marine  
  78  6:20  Liberator  
  78  6:25  Supply Depot  
  78  6:26  Supply Depot  
  84  6:40  Barracks Reactor, Marine x3  
  84  6:41  Barracks Reactor, Marine x2  
  89  6:48  Supply Depot x2  
  89  6:55  Siege Tank  
  89  6:57  Concussive Shells  
  89  6:58  Marine x3  
  89  6:59  Marine x2  
  97  7:10  Supply Depot x2  
  97  7:16  Marine  
  97  7:21  Marauder, Marine x3  
  97  7:22  Marine x2  
  103  7:23  Marine  
  103  7:27  Siege Tank  
  109  7:33  Supply Depot  
  109  7:35  Medivac  
  109  7:36  Marine x2, Medivac  
  115  7:41  Marine x5  
  115  7:43  Marauder  
  122  7:47  Marine  
  123  7:54  Marine  
  123  7:56  Marine  
  125  7:59  Marine  
  125  8:00  Siege Tank  
  125  8:04  Marauder  
  131  8:05  Medivac  
  133  8:18  Marine  
  133  8:19  Marine  
  122  8:20  Marine  
  122  8:21  Marine x4  
  119  8:28  Liberator x2, Marine x2  
  109  8:34  Siege Tank  
  109  8:36  Marine x2  
  109  8:38  Marine  
  110  8:44  Marine x2  
  114  8:49  Marine x2  
  114  8:51  Marine  
  114  8:52  Marine  
  114  8:54  Marine  
  114  8:55  Marine  
  118  9:07  Marine  
  118  9:08  Marine x4  
  118  9:09  Marine  
  117  9:10  Marauder  
  117  9:11  Liberator  
  117  9:12  Marine x2  
  109  9:25  Marine x3  
  109  9:26  Marine x2  
  109  9:27  Marine  
  109  9:28  Liberator  
  112  9:35  Marine x2  
  112  9:36  Marauder  
  112  9:38  Siege Tank  
  111  9:43  Marine  
  111  9:47  Marine x2  
  111  9:52  Marine  
  117  9:57  Marauder  
  117  9:59  Marine x2  
  105  10:00  Marine  
  105  10:01  Marine  
  105  10:06  Marine x3  
  102  10:10  Marine  
  102  10:11  Liberator  
  99  10:17  Marine x2  
  99  10:21  Liberator  
  99  10:28  Siege Tank  
  96  10:30  Marine x3  
  96  10:31  Marine  
  103  10:39  Marine x2  
  108  10:48  Marine x3  
  109  10:52  Marine x3  
  109  10:54  Liberator  
  109  10:55  Marine  
  99  10:57  Marine  
  99  10:59  Marine  
  99  11:01  Siege Tank  
  94  11:06  Marine x3  
  94  11:07  Liberator  
  94  11:10  Marine x3  
  102  11:21  Orbital Command  
  105  11:26  Marine  
  105  11:27  Marauder  
  108  11:33  Siege Tank  
  108  11:37  Liberator  
  111  11:50  Liberator  
  100  11:58  Marine  
  100  11:59  Marine x2  
  104  12:05  Siege Tank  
  99  12:14  Marauder, Marine x3  
  94  12:23  Marine  
  94  12:24  Marine  
  96  12:30  Marine x3  
  96  12:36  Marauder  
  98  12:37  Siege Tank  
  98  12:39  Marine  
  98  12:40  Marine x2  
  98  12:43  Refinery x2  
  104  12:50  Medivac x2  
  108  12:52  Marine x2  
  108  12:57  Marauder  
  112  13:03  Liberator  
  99  13:07  Marine x2  
  99  13:08  Marine x2  
  99  13:10  Marine x2  
  87  13:16  Marine x2  
  87  13:18  Marine  
  87  13:24  Liberator  
  87  13:25  Marine x2  
  83  13:36  Marauder  
  83  13:37  Marine x3  
  83  13:38  Marine  
  89  13:46  Liberator  
  92  14:07  Liberator, Refinery  
  92  14:08  Orbital Command, Refinery  
  94  14:19  Missile Turret  
  94  14:26  Terran Infantry Armor Level 1  
  95  14:41  Marine  
  95  14:42  Marine x8  
  95  14:44  Liberator  
  98  14:51  Liberator  
  79  14:59  Marine x2  
  75  15:00  Marauder, Marine x5  
  75  15:02  Marine  
  90  15:17  Marine x3  
  90  15:21  Marine x3  
  84  15:22  Marine x3  
  84  15:26  Siege Tank  
  87  15:35  Marine x3  
  88  15:39  Marine x3  
  88  15:40  Marine  
  88  15:41  Liberator x2  
  92  15:45  Marine x2  
  91  15:53  Marine  
  72  16:02  Marine x2  
  72  16:06  SCV x2  
  74  16:13  Siege Tank  
  74  16:14  Marine x2  
  73  16:22  Marine x3  
  62  16:35  Marine x2  
  47  16:40  Marine x2  
Show
View Real Time Build Order
Export as new Build Order

oliM Protoss - Winner!

Build Orders: 1 Gate Expand, Blink Stalkers 

Get SALT Encoding   

  12  0:01  Probe (Chrono Boost)  
  13  0:15  Pylon  
  13  0:17  Probe (Chrono Boost)  
  14  0:27  Probe (Chrono Boost)  
  15  0:37  Gateway  
  15  0:38  Probe (Chrono Boost)  
  16  0:49  Probe (Chrono Boost)  
  17  0:50  Assimilator  
  17  0:59  Probe (Chrono Boost)  
  18  1:10  Probe (Chrono Boost)  
  19  1:20  Nexus  
  19  1:31  Cybernetics Core  
  19  1:35  Probe (Chrono Boost)  
  20  1:45  Probe (Chrono Boost)  
  21  1:50  Assimilator  
  21  1:54  Pylon  
  21  1:56  Probe (Chrono Boost)  
  22  2:06  Probe (Chrono Boost)  
  22  2:16  Adept (Chrono Boost)  
  22  2:17  Mothership Core (Chrono Boost)  
  26  2:32  Probe (Chrono Boost), Warp Gate, Pylon  
  27  2:38  Probe (Chrono Boost)  
  29  2:44  Probe (Chrono Boost)  
  29  2:49  Probe (Chrono Boost)  
  29  2:59  Probe (Chrono Boost)  
  29  3:00  Probe (Chrono Boost)  
  31  3:08  Twilight Council  
  31  3:10  Probe (Chrono Boost), Assimilator  
  31  3:11  Probe (Chrono Boost)  
  33  3:13  Sentry  
  35  3:20  Probe (Chrono Boost)  
  35  3:21  Probe (Chrono Boost)  
  37  3:31  Probe (Chrono Boost)  
  37  3:32  Probe (Chrono Boost)  
  39  3:37  Gateway x2  
  39  3:40  Probe (Chrono Boost)  
  40  3:42  Probe (Chrono Boost)  
  40  3:46  Blink (Chrono Boost)  
  41  3:50  Probe  
  41  3:54  Probe  
  43  4:00  Robotics Facility, Probe  
  44  4:05  Pylon  
  44  4:06  Probe  
  45  4:11  Probe  
  46  4:18  Probe  
  46  4:19  Pylon  
  46  4:22  Probe  
  48  4:26  Assimilator  
  48  4:30  Probe  
  49  4:32  Probe  
  50  4:40  Stalker x3  
  50  4:42  Probe  
  57  4:56  Nexus  
  57  4:59  Pylon  
  57  5:01  Pylon  
  57  5:09  Observer (Chrono Boost)  
  57  5:13  Gateway x2  
  58  5:27  Stalker x3  
  54  5:29  Observer (Chrono Boost), Probe (Chrono Boost)  
  54  5:37  Probe (Chrono Boost)  
  55  5:47  Probe (Chrono Boost)  
  55  5:49  Observer, Probe (Chrono Boost)  
  58  5:55  Forge  
  58  5:56  Stalker x2  
  62  5:57  Pylon  
  62  5:58  Probe (Chrono Boost)  
  62  6:00  Probe (Chrono Boost)  
  62  6:01  Resonating Glaives  
  64  6:08  Probe (Chrono Boost)  
  64  6:09  Sentry  
  64  6:11  Observer, Probe (Chrono Boost)  
  69  6:14  Probe (Chrono Boost)  
  70  6:19  Probe (Chrono Boost)  
  70  6:23  Probe (Chrono Boost)  
  70  6:25  Probe (Chrono Boost)  
  73  6:28  Robotics Bay  
  73  6:31  Photon Cannon  
  73  6:35  Photon Cannon  
  73  6:40  Probe x2 (Chrono Boost)  
  73  6:42  Probe (Chrono Boost)  
  73  6:46  Protoss Ground Weapons Level 1 (Chrono Boost)  
  76  6:51  Immortal (Chrono Boost)  
  80  6:55  Probe x2 (Chrono Boost)  
  80  6:56  Probe (Chrono Boost)  
  83  7:06  Probe x2 (Chrono Boost)  
  85  7:10  Gateway  
  85  7:11  Probe (Chrono Boost), Gateway  
  86  7:22  Stalker x3  
  92  7:25  Probe (Chrono Boost)  
  92  7:28  Disruptor  
  92  7:29  Probe (Chrono Boost)  
  94  7:31  Pylon  
  97  7:42  Stalker x2  
  97  7:44  Probe (Chrono Boost)  
  102  7:45  Photon Cannon  
  102  7:47  Assimilator  
  102  7:51  Assimilator  
  102  7:54  Photon Cannon  
  102  7:57  Adept x2  
  102  7:58  Pylon  
  106  7:59  Adept, Disruptor  
  97  8:30  Stalker x3  
  97  8:31  Stalker  
  103  8:37  Disruptor  
  99  8:41  Adept  
  99  8:45  Probe  
  101  8:49  Photon Cannon  
  101  8:50  Protoss Ground Weapons Level 2 (Chrono Boost)  
  101  8:53  Gateway  
  101  8:56  Gateway  
  101  8:57  Gateway x2  
  101  9:01  Adept  
  101  9:02  Adept x4  
  101  9:11  Disruptor  
  90  9:24  Stalker x4  
  92  9:25  Stalker  
  85  9:42  Disruptor  
  81  9:49  Adept x5  
  92  10:03  Adept x5  
  92  10:04  Adept  
  95  10:11  Adept x2  
  95  10:12  Adept x3  
  95  10:13  Disruptor  
  100  10:25  Probe  
  100  10:26  Stalker  
  100  10:27  Stalker x3  
  95  10:42  Stalker x4  
  103  10:44  Disruptor  
  83  11:05  Stalker x4  
  83  11:06  Adept x2  
  83  11:10  Mothership Core  
  92  11:15  Disruptor  
  92  11:17  Adept x2  
  98  11:24  Protoss Ground Weapons Level 3 (Chrono Boost)  
  98  11:25  Adept  
  103  11:37  Stalker x3  
  103  11:38  Stalker  
  111  11:46  Disruptor  
  114  11:55  Adept  
  114  11:56  Adept  
  80  12:17  Adept x4  
  80  12:18  Adept x2, Disruptor  
  85  12:24  Probe  
  85  12:25  Stalker  
  85  12:26  Stalker x4  
  95  12:40  Stalker x3  
  95  12:41  Stalker  
  103  12:50  Adept x4  
  108  13:09  Stalker x4  
  100  13:13  Disruptor  
  101  13:28  Stalker  
  101  13:29  Stalker x3  
  101  13:30  Stalker x2  
  113  13:47  Disruptor  
  113  13:51  Nexus  
  113  13:53  Pylon  
  116  14:12  Stalker x4  
  116  14:16  Dark Shrine  
  124  14:22  Pylon  
  124  14:31  Protoss Ground Armor Level 1 (Chrono Boost)  
  124  14:34  Pylon  
  124  14:35  Pylon  
  109  14:59  Probe  
  106  15:00  Stalker x2  
  106  15:01  Disruptor, Stalker x4  
  121  15:27  Adept x5  
  121  15:28  Adept x2  
  129  15:32  Disruptor  
  129  15:34  Assimilator  
  129  15:36  Assimilator  
  125  16:01  Dark Templar  
  124  16:05  Stalker x4  
  124  16:06  Disruptor, Stalker x4  
  107  16:44  Stalker x6  
  107  16:45  Stalker x3  
Tags
 
Add a new tag
Caveats
  • Supply blocks, unpowered buildings, or Contaminate may cause inaccurate times.
  • Supply counts are checked every 10 seconds.